[Event "Late-Titled-Tuesday-Blitz-September-12-2023"]
[Site "Chess.com"]
[Date "2023.09.12"]
[Round "3"]
[White "Bilan_Danila"]
[Black "jcmesafischer"]
[Result "1-0"]
[WhiteElo "2563"]
[BlackElo "2371"]
[TimeControl "180+1"]
[EndTime "14:28:20 PDT"]
[Termination "Bilan_Danila won by resignation"]

1. d4 Nf6 2. Nf3 e6 3. g3 Be7 4.
Bg2 O-O 5. O-O d5 6. c4 dxc4 7. Qa4 a6 8. Qxc4 b5 9. Qc2 Bb7 10. Bf4 Be4 11. Qxc7 Qxc7 12. Bxc7 Nc6 13. Nc3 Rac8 14.
Nxe4 Rxc7 15. Nxf6+ Bxf6 16. Rac1 Rfc8 17. Rcd1 Na5 18.
Bh3 Rd8 19. Rc1 Rdc8 20. Rcd1 Rd8 21. e3 Rc2 22. Rd2 Rdc8 23. Rfd1 R8c7 24. Bf1 Kf8 25. Bd3 Rc1 26. Kg2 Ke7 27. Rxc1 Rxc1 28. Rc2 Rd1 29. Be2 Rb1 30. a3 Kd7 31. Nd2 Ra1 32. Ne4 Be7 33. h4 f5 34. Nc5+ Bxc5 35. dxc5 Kc6 36. Bf3+ Kc7 37. Be2 Nb3 38. Bd3 Nc1 39.
Be2 Nb3 40. Bf3 a5 41. e4 a4 42. exf5 exf5 43. Re2 Nxc5 44. Re7+ Kd6 45. Rxg7 Nd3 46.
Bb7 Nxb2 47. Rxh7 Rxa3 48. Rh6+ Kc5 49. Rc6+ Kb4 50. h5 Rd3 51. h6 Rd7 52. Bc8 Rh7 53.
Bxf5 Rh8 54. h7 a3 55. Rc8 Rxc8 56. Bxc8 a2 57. h8=Q a1=Q 58. Qd4+ Ka5 59. Qa7+ Kb4 60. Qxa1 Nc4 61. Qb1+ Kc5 62. Be6 b4 63. Qc2 1-0

[Event "Late-Titled-Tuesday-Blitz-September-12-2023"]
[Site "Chess.com"]
[Date "2023.09.12"]
[Round "3"]
[White "Bodhanas"]
[Black "Perecke"]
[Result "0-1"]
[WhiteElo "1850"]
[BlackElo "2499"]
[TimeControl "180+1"]
[EndTime "14:28:23 PDT"]
[Termination "Perecke won on time"]

1. d4 d5 2. Nf3 Nf6 3. Bf4 c5 4. c3 Nc6 5. e3 Bf5 6. Bd3 Bxd3 7.
Qxd3 Qb6 8. Qe2 e6 9. O-O Be7 10.
dxc5 Bxc5 11. b4 Be7 12. Ne5 Ne4 13. Nxc6 bxc6 14. f3 Nd6 15. Nd2 O-O 16. Bxd6 Bxd6 17. a3 c5 18. f4 a5 19. b5 c4 20. a4 e5 21. Kh1 e4 22. Rfd1 Bc5 23. Nf1 Rad8 24.
Rd2 Rd7 25. Rad1 Rfd8 26. h3 f5 27. Re1 Qf6 28. Ng3 g6 29. Rc1 Kf7 30. Kh2 Ke6 31. Kg1 Kd6 32. Nf1 Kc7 33. g4 fxg4 34. hxg4 Kb6 35. Kg2 h5 36. g5 Qe6 37. Nh2 Kb7 38. Rf1 Qf5 39. Qf2 Rh7 40. Re2 h4 41. Kh1 Rdh8 42.
Qg2 Qf7 43. Qg4 Qg7 44. f5 gxf5 45. Qxf5 Qd7 46. Qxd7+ Rxd7 47. Ng4 Rg7 48. Rf5 Rhg8 49. Rxd5 Rxg5 50. Rxg5 Rxg5 51. Nf2 Re5 52. Kg2 Kb6 53.
Kh3 Be7 54. Ng4 Rf5 55. Rf2 Rf3+ 56. Rxf3 exf3 57. Nh2 Bf6 58. Nxf3 Bxc3 59. Kxh4 Bf6+ 60. Kg4 c3 61. Ne1 Kc5 62. Kf3 Kc4 63. Ke2 Kb3 64.
Kd3 Kxa4 65. b6 Be5 66. Nc2 Kb3 67. Nd4+ Kb2 68. Nc2 a4 69. b7 Bb8 70. e4 Be5 71.
Ne3 Kb3 72. Nc2 Bb8 0-1

[Event "Late-Titled-Tuesday-Blitz-September-12-2023"]
[Site "Chess.com"]
[Date "2023.09.12"]
[Round "3"]
[White "KVAIDAN"]
[Black "Chessdreamer2020"]
[Result "1/2-1/2"]
[WhiteElo "2256"]
[BlackElo "2510"]
[TimeControl "180+1"]
[EndTime "14:28:25 PDT"]
[Termination "Game drawn - insufficient material"]

1. f4 d6 2. e4 e5 3. Nf3 Nd7 4. d4 exd4 5. Qxd4 Ngf6 6. Nc3 c6 7. Be3 Be7 8. O-O-O O-O 9. h3 Qa5 10. Kb1 Re8 11. g4 Nc5 12. g5 Nfd7 13. h4 b5 14. h5 b4 15. Ne2 Bf8 16. h6 Rxe4 17. Qd2 g6 18. Ng3 Re8 19. f5 gxf5 20. Nxf5 Ne4 21.
Qd3 Qxf5 22. Nd4 Qg6 23. Nxc6 Bb7 24. Qb5 Bxc6 25. Qxc6 Ne5 26. Qd5 Ng3 27. Bb5 Nxh1 28. Bxe8 Rxe8 29. Rxh1 Qe6 30. Qxe6 Rxe6 31. Bxa7 Nf3 32.
a4 bxa3 33. bxa3 Nxg5 34. a4 Ne4 35. a5 d5 36. Rg1+ Rg6 37. a6 Nc3+ 38. Kb2 Nb5 39.
Rxg6+ hxg6 40. Bb6 Bxh6 41. a7 Nxa7 42. Bxa7 f5 43. Kc3 Kf7 44. Kd4 Ke7 45. Kxd5 Bg7 46. Kc5 g5 47. Kd5 g4 48. Bb8 Bf6 49. Bg3 Bc3 50. Kc4 Bd2 51. Kd3 Bc1 52. c4 f4 53.
Bh4+ Ke6 54. Ke4 f3 55. Bf2 Bg5 56. c5 Bd2 57. Bg3 Bc1 58. c6 Bg5 59. c7 Kd7 60.
Kf5 Bh6 61. Kxg4 Bg7 62. Kxf3 Bc3 63. Ke4 Ba5 64. Kd5 Bxc7 1/2-1/2

[Event "Late-Titled-Tuesday-Blitz-September-12-2023"]
[Site "Chess.com"]
[Date "2023.09.12"]
[Round "3"]
[White "GoltsevDmitry2000"]
[Black "Mindhunter08"]
[Result "1-0"]
[WhiteElo "2635"]
[BlackElo "2446"]
[TimeControl "180+1"]
[EndTime "14:28:26 PDT"]
[Termination "GoltsevDmitry2000 won by checkmate"]

1. e4 e5 2. Nf3 Nc6 3. Bb5 a6 4.
Ba4 Nf6 5. O-O Be7 6. Re1 b5 7. Bb3 d6 8. c3 O-O 9. h3 Nb8 10. d4 Nbd7 11. Nbd2 Bb7 12. a4 c5 13. d5 c4 14. Bc2 Nc5 15. Nf1 Re8 16. Ng3 g6 17.
Ng5 Nxd5 18. Nxh7 Nxc3 19. bxc3 Kxh7 20. axb5 axb5 21. Rb1 Bc6 22. Qf3 Rf8 23. Qe3 Rh8 24. Rf1 Ne6 25. Qf3 Rf8 26. Qg4 Bg5 27. Be3 Bxe3 28.
fxe3 Qg5 29. Qf3 Nc5 30. Rbd1 Rad8 31. h4 Qxh4 32. Kf2 Kg7 33. Ke2 Ne6 34. Rh1 Qg5 35. Rdf1 f6 36. Rh3 Rh8 37. Nf5+ Kf7 38. Nxd6+ Rxd6 39. Rxh8 Kg7 40. Rh3 Nc5 41. Rfh1 Nd3 42. Rh7+ Kf8 43.
Rh8+ Ke7 44. R1h7+ Ke6 45. Rf8 f5 46. exf5+ gxf5 47. Qh3 Nc1+ 48. Kf1 Be4 49. Bxe4 Rd1+ 50. Kf2 Rd2+ 51.
Kg1 Ne2+ 52. Kh2 Nxc3 53. Bxf5+ Kd5 54. Rd8+ Kc5 55. Rxd2 e4 56. Rh5 Qf6 57. Bxe4+ Kb4 58. Bf3 Qe7 59. Qf5 Qxe3 60. Rd6 Qf2 61. Qc5+ Qxc5 62.
Rxc5 Kxc5 63. Rc6+ Kd4 64. g4 b4 65. g5 b3 66. Rb6 Kc5 67. Rb8 Nb5 68. g6 c3 69.
g7 c2 70. g8=Q c1=Q 71. Rc8+ Kb4 72. Rxc1 b2 73. Rb1 Nc3 74. Rxb2+ Ka3 75. Qb3# 1-0

[Event "Late-Titled-Tuesday-Blitz-September-12-2023"]
[Site "Chess.com"]
[Date "2023.09.12"]
[Round "3"]
[White "Andrej2004"]
[Black "Rud_Makarian"]
[Result "1/2-1/2"]
[WhiteElo "2559"]
[BlackElo "2948"]
[TimeControl "180+1"]
[EndTime "14:28:35 PDT"]
[Termination "Game drawn - insufficient material"]

1. Nf3 Nf6 2. c4 e6 3. b3 d5 4.
cxd5 exd5 5. Bb2 Bd6 6. e3 O-O 7. Nc3 Bf5 8. Be2 c6 9. O-O Nbd7 10. a3 a5 11. Rc1 Re8 12. d3 h6 13. Qd2 Bh7 14. Rfd1 Qe7 15. Bf1 Bxa3 16. Bxa3 Qxa3 17. e4 dxe4 18. dxe4 Bxe4 19. Nxe4 Rxe4 20. Bd3 Re7 21. Bb1 Nf8 22. Qc2 Rae8 23. h3 Qb4 24. Rd4 Qb6 25.
Rcd1 Re2 26. Qf5 Ne6 27. Kh2 Nxd4 28. Rxd4 Qc7+ 29. Rf4 g5 30. Nxg5 Rxf2 31. Nf3 Rxf3 32. gxf3 Re2+ 33. Kg3 Nd5 34. Qh7+ Kf8 35. Qxh6+ Ke8 36.
Qh8+ Ke7 37. Qh4+ Kd7 38. Bf5+ Kd6 39. Rc4 Qe7 40. Qd4 Qg5+ 41. Bg4 Qe5+ 42. Qxe5+ Rxe5 43. h4 f5 44. Bh3 f4+ 45. Kg4 b5 46. Rc1 c5 47.
Rd1 c4 48. bxc4 bxc4 49. h5 Kc5 50. h6 Re8 51. Kg5 Rg8+ 52. Kh5 Nf6+ 53. Kh4 Rg6 54. Bf5 Rxh6+ 55. Kg5 Ng8 56. Rd8 Rh8 57. Be6 c3 58.
Bxg8 c2 59. Rc8+ Kb4 60. Rxc2 Rxg8+ 61. Kxf4 Rf8+ 62. Ke4 Re8+ 63. Kf5 a4 64. f4 Kb3 65. Rc7 Ra8 66. Rc1 a3 67. Ke6 Ra6+ 68. Ke7 Ra7+ 69. Ke6 Ra6+ 70. Ke7 Ra5 71. Ke6 a2 72. f5 Rc5 73.
Ra1 Rc6+ 74. Ke7 Rc7+ 75. Ke6 Rc6+ 76. Ke7 Kb2 77. Rxa2+ Kxa2 78. f6 Kb3 79. f7 Rc7+ 80. Ke8 Ra7 81. f8=Q Ra8+ 82. Kf7 Rxf8+ 83. Kxf8 1/2-1/2

[Event "Late-Titled-Tuesday-Blitz-September-12-2023"]
[Site "Chess.com"]
[Date "2023.09.12"]
[Round "3"]
[White "Orest_Vovk"]
[Black "Dr_crypt"]
[Result "1-0"]
[WhiteElo "2596"]
[BlackElo "2424"]
[TimeControl "180+1"]
[EndTime "14:28:38 PDT"]
[Termination "Orest_Vovk won on time"]

1. g4 e5 2. g5 Qxg5 3. d4 Qe7 4. dxe5 Qxe5 5. Nf3 Qa5+ 6. Bd2 Bb4 7. Nc3 c6 8. Rg1 g6 9. a3 Be7 10. Ne4 Qd8 11.
Bc3 Nf6 12. Qd4 Nxe4 13. Qxh8+ Bf8 14. Bg7 Qe7 15. Qxh7 Bxg7 16. Qxg7 d5 17. Qg8+ Qf8 18. Qxf8+ Kxf8 19. Ng5 Nd6 20. O-O-O Nd7 21. e4 Nxe4 22. Nxe4 dxe4 23. Bh3 Ke7 24. Rge1 Nf6 25. Bxc8 Rxc8 26. f3 Rh8 27. Rd2 Rh4 28. Rde2 Ke6 29. fxe4 Ke5 30.
Rf1 Ke6 31. Ref2 Ng4 32. Rxf7 Rxh2 33. Kb1 Ne3 34. R1f6+ Ke5 35. Rxg6 Rh1+ 36. Ka2 Nxc2 37.
Re7+ Kd4 38. Rxb7 c5 39. Rd6+ Ke3 40. Rb3+ Kf4 41. Rc3 Ra1+ 42. Kb3 Nd4+ 43. Kc4 Ne2 44. Rh3 Rc1+ 45. Kb5 Nd4+ 46. Ka6 Kxe4 47. Kxa7 Rc2 48. Rb6 Kd5 49. Rh5+ Kc4 50. a4 Rc1 51. a5 Ra1 52. a6 Ra5 53. Kb7 Nb5 54. Rh4+ Kd5 55. Rh5+ Kc4 56. Rg5 Kd4 57. Rg4+ Kd5 58. Rh4 Nd6+ 59. Kc7 Nb5+ 60. Kb8 Nd6 61. Rh5+ Kc4 62. Rxd6 Rb5+ 63. Kc7 Ra5 64. Rc6 Kb5 65. Rhxc5+ Kb4 66. Rxa5 Kb3 67. a7 Kxb2 68. a8=Q 1-0

[Event "Late-Titled-Tuesday-Blitz-September-12-2023"]
[Site "Chess.com"]
[Date "2023.09.12"]
[Round "3"]
[White "BigAl"]
[Black "checkmatequen"]
[Result "1-0"]
[WhiteElo "2547"]
[BlackElo "2354"]
[TimeControl "180+1"]
[EndTime "14:28:45 PDT"]
[Termination "BigAl won on time"]

1. Nf3 Nf6 2. g3 d5 3. Bg2 Bg4 4. O-O c6 5. d3 Nbd7 6. c4 e5 7. cxd5 cxd5 8. Nc3 Bd6 9. e4 d4 10. Nb5 Bb8 11. Bd2 O-O 12. h3 Bxf3 13. Bxf3 a6 14. Na3 b5 15. Bb4 Re8 16. Rc1 a5 17. Bd2 Qb6 18. Qb3 Nc5 19. Qc2 Bd6 20. Be2 Rac8 21. Kg2 Qb7 22. Qb1 Ncxe4 23. dxe4 Nxe4 24.
Bf3 f5 25. Rfe1 Rxc1 26. Bxc1 Rc8 27. Qd3 b4 28. Nc4 Qa6 29. Nxe5 Qxd3 30. Nxd3 Rc2 31.
Bf4 Bxf4 32. gxf4 Nd2 33. Re7 Nxf3 34. Kxf3 Rd2 35. Ne5 Kf8 36. Ra7 Rxb2 37. Rxa5 b3 38. axb3 Rxb3+ 39. Kg2 Ke7 40. Ra7+ Ke6 41. Rxg7 d3 42.
Rd7 Rb4 43. Rxd3 Rxf4 44. Nf3 Kf6 45. Ra3 Re4 46. Ra6+ Kg7 47. Kg3 h6 48. h4 Rg4+ 49.
Kh3 Rf4 50. Kg2 Rg4+ 51. Kf1 Rf4 52. Ke2 Re4+ 53. Kd3 Rf4 54. Ke3 Re4+ 55. Kd3 Rf4 56. Ke2 Re4+ 57. Kf1 Rf4 58. Ra3 Kg6 59. Kg2 Rg4+ 60.
Kh3 Rf4 61. Re3 Kh5 62. Kg2 Rg4+ 63. Kf1 Rf4 64. Ke2 Ra4 65. Re5 Re4+ 66. Rxe4 fxe4 67. Nd2 Kxh4 68. Nxe4 Kg4 69. Ke3 h5 70. Nf6+ Kg5 71.
Ne4+ Kg4 72. f3+ Kf5 73. Ng3+ Kg5 74. Kf2 h4 75. Ne4+ Kf4 76. Nf6 h3 77. Ng4 1-0

[Event "Late-Titled-Tuesday-Blitz-September-12-2023"]
[Site "Chess.com"]
[Date "2023.09.12"]
[Round "3"]
[White "TanitoluwaAps116"]
[Black "whitemirrorninja"]
[Result "0-1"]
[WhiteElo "2705"]
[BlackElo "2488"]
[TimeControl "180+1"]
[EndTime "14:28:53 PDT"]
[Termination "whitemirrorninja won by checkmate"]

1. e4 c5 2. Nf3 d6 3. Bb5+ Nd7 4. c3 Nf6 5. Bd3 g6 6. O-O Bg7 7. Re1 O-O 8. Bc2 Ne5 9. d4 Nxf3+ 10. Qxf3 cxd4 11.
cxd4 Qb6 12. e5 dxe5 13. dxe5 Nd7 14. Nc3 Nxe5 15. Qg3 Nc6 16. Nd5 Qc5 17. Bb3 Be6 18. Be3 Qd6 19. Qxd6 exd6 20. Nc7 Bxb3 21. Nxa8 Bc2 22.
Rac1 Bf5 23. Nc7 Bxb2 24. Rcd1 Rd8 25. Nd5 Kg7 26. f3 h6 27. Kf2 Ne5 28. Bxa7 Nd3+ 29. Rxd3 Bxd3 30. Re3 Bf5 31. Rb3 Be5 32. f4 Bf6 33.
Rxb7 Be4 34. Rb5 Ra8 35. Nxf6 Kxf6 36. Bd4+ Ke6 37. Rb2 Bd5 38. Re2+ Kf5 39. Rd2 Bxa2 40. Bb2 Ke6 41. Kf3 Bd5+ 42. Ke3 Rb8 43. g3 Rb3+ 44.
Ke2 g5 45. fxg5 hxg5 46. Kf2 Rf3+ 47. Ke2 Bc6 48. Bd4 Rf5 49. Rc2 Bb5+ 50. Ke3 Kd5 51. h4 g4 52. Bb2 Rf3+ 53. Kd2 Rd3+ 54. Ke1 Rxg3 55. Rd2+ Bd3 56. Kf2 Rh3 57. h5 f5 58. Kg2 f4 59. h6 Ke4 60. h7 Rxh7 61.
Rd1 Be2 62. Re1 f3+ 63. Kg3 Rh3+ 64. Kxg4 f2+ 65. Rxe2+ Kd3 66. Rxf2 Re3 67. Bf6 Re4+ 68. Kf3 Re3+ 69. Kf4 Re2 70. Rf3+ Kd2 71. Rc3 Rf2+ 72. Ke4 Rxf6 73. Rd3+ Ke2 74. Re3+ Kf2 75. Rd3 Rh6 76. Kd5 Ke2 77. Ra3 Kd2 78. Ra6 Kd3 79. Ra5 Rh5+ 80. Kxd6 Rxa5 81. Kc6 Ra3 82. Kb5 Ra1 83. Kb4 Rc1 84.
Ka3 Rc3+ 85. Ka2 Kc4 86. Kb2 Kb4 87. Ka2 Rh3 88. Ka1 Rh2 89. Kb1 Kc3 90. Ka1 Kb3 91.
Kb1 Rh1# 0-1

[Event "Late-Titled-Tuesday-Blitz-September-12-2023"]
[Site "Chess.com"]
[Date "2023.09.12"]
[Round "3"]
[White "Cirky"]
[Black "Athanasios2"]
[Result "0-1"]
[WhiteElo "2471"]
[BlackElo "2704"]
[TimeControl "180+1"]
[EndTime "14:28:57 PDT"]
[Termination "Athanasios2 won on time"]

1. d4 Nf6 2. c4 g6 3. h4 c5 4. d5 d6 5. Nc3 Bg7 6. e4 Nbd7 7. Be2 h5 8. Bg5 Qa5 9. Qd2 a6 10. Nf3 Qc7 11. O-O O-O 12. Rfe1 Re8 13. a4 Ng4 14.
Bf1 Nf8 15. g3 Nh7 16. Bf4 Bd7 17. Bg2 Rad8 18. Ng5 Bd4 19. Re2 Nxg5 20. Bxg5 Rc8 21. Kf1 e6 22. dxe6 Bxe6 23. b3 Qa5 24. Rc1 Qb4 25.
Qc2 Ne5 26. Rd2 Kg7 27. Nd5 Bxd5 28. exd5 b5 29. axb5 axb5 30. Bf4 bxc4 31. bxc4 Ng4 32.
Re2 Be5 33. Bg5 Bf6 34. Bd2 Qa3 35. Rb1 Rxe2 36. Kxe2 Bd4 37. Be1 Nh2 38. Be4 Re8 39. Kd1 Re7 40. Bd3 Nf3 41. Bd2 Nxd2 42. Qxd2 Qa4+ 43.
Bc2 Qa3 44. Bd3 Bc3 45. Qf4 Be5 46. Qd2 Ra7 47. Qc2 Qa6 48. Ke2 Qc8 49. Kf1 Qg4 50. Kg1 Bxg3 51. fxg3 Qxg3+ 52. Kf1 Ra3 53. Be2 Re3 54.
Rb7 Qxh4 55. Qd2 Qf4+ 56. Ke1 Qg3+ 57. Kd1 Qg1+ 58. Kc2 Re5 59. Rb3 Qf2 60. Kd1 h4 61. Qe1 Qd4+ 62. Qd2 Qxd2+ 63. Kxd2 f5 64. Rf3 g5 65.
Re3 Kg6 66. Rxe5 dxe5 67. Ke3 Kf6 68. Bd1 g4 69. Bc2 h3 70. Kf2 f4 71. Be4 Kg5 72. Kg1 g3 73. d6 Kf6 74. d7 Ke7 75. Bf5 h2+ 76. Kg2 f3+ 77. Kh1 f2 78. Kg2 f1=Q+ 79.
Kxf1 h1=Q+ 80. Ke2 Qg2+ 81. Ke3 Qf2+ 82. Ke4 Qf4+ 83.
Kd5 Qxf5 84. d8=Q+ Kxd8 0-1

[Event "Late-Titled-Tuesday-Blitz-September-12-2023"]
[Site "Chess.com"]
[Date "2023.09.12"]
[Round "3"]
[White "likantrophuss"]
[Black "Truequitos"]
[Result "1/2-1/2"]
[WhiteElo "2600"]
[BlackElo "2440"]
[TimeControl "180+1"]
[EndTime "14:28:59 PDT"]
[Termination "Game drawn - insufficient material"]

1. Nf3 Nf6 2. g3 d6 3. d4 g6 4. b3 Bf5 5. Bb2 Bg7 6. Nbd2 Ne4 7. Bg2 c6 8. Nh4 Nxd2 9. Qxd2 Bd7 10. O-O O-O 11. c4 a5 12. f4 Qc7 13. f5 Na6 14. d5 Bxb2 15. Qxb2 cxd5 16. Bxd5 Bc6 17. Rad1 Bxd5 18.
Rxd5 e6 19. Rdd1 exf5 20. Qf6 Qc5+ 21. Kg2 Qe5 22. Rxd6 Qxe2+ 23. Rf2 Qe4+ 24. Rf3 Nc5 25. Rd4 Qe6 26. Qxe6 Nxe6 27. Rd7 Rfb8 28. Re3 b5 29. cxb5 Rxb5 30. Nf3 f4 31. gxf4 Nxf4+ 32. Kf2 Ne6 33. Ne5 a4 34. Kg3 axb3 35. axb3 Ra3 36. Nxf7 Raxb3 37.
Nh6+ Kf8 38. Rf7+ Ke8 39. Rff3 Rxe3 40. Rxe3 Kd7 41. Ng4 h5 42. Ne5+ Kd6 43. Nxg6 Rg5+ 44. Kh4 Rxg6 45. Kxh5 Rg2 46. Rd3+ Ke5 47. Kh4 Kf4 48. Rg3 Rxh2+ 49. Rh3 Rg2 50. Rh1 Ng5 51. Rf1+ Nf3+ 52. Kh5 Rg5+ 53. Kh6 Rg2 54. Kh5 Rg3 55. Kh6 Kf5 56. Kh7 Kf6 57. Rb1 Ng5+ 58. Kg8 Ne6+ 59.
Kh7 Rh3+ 60. Kg8 Rg3+ 61. Kh7 Rg7+ 62. Kh6 Rg8 63. Rf1+ Ke5 64. Re1+ Kf5 65. Kh7 Rg7+ 66. Kh8 Rg5 67. Rf1+ Kg6 68. Rb1 Rh5+ 69. Kg8 Kf6 70.
Rf1+ Ke7 71. Rf7+ Kd6 72. Rf1 Ke5 73. Re1+ Kf6 74. Rf1+ Kg6 75. Ra1 Rc5 76. Rg1+ Ng5 77. Kf8 Rc7 78. Ke8 Rf7 79. Rxg5+ Kxg5 80. Kxf7 1/2-1/2

[Event "Late-Titled-Tuesday-Blitz-September-12-2023"]
[Site "Chess.com"]
[Date "2023.09.12"]
[Round "3"]
[White "artin10862"]
[Black "farzadbfd"]
[Result "0-1"]
[WhiteElo "2950"]
[BlackElo "2709"]
[TimeControl "180+1"]
[EndTime "14:29:01 PDT"]
[Termination "farzadbfd won by checkmate"]

1. e4 e5 2. Nf3 Nc6 3. Bb5 a6 4. Ba4 Nf6 5. d3 d6 6. O-O Bd7 7. c3 g6 8. Re1 Bg7 9. Nbd2 O-O 10. Nf1 Nh5 11. Ng3 Nxg3 12. hxg3 h6 13. d4 Kh7 14. Bc2 Bg4 15. Be3 Qf6 16. d5 Nb8 17. Qe2 Nd7 18. Bd1 Qe7 19. Ng5+ hxg5 20. Qxg4 Bh6 21. Bc2 Nf6 22. Qh3 Kg7 23. g4 Rh8 24. Qf3 Qd7 25. Bd1 Rh7 26. g3 Rah8 27. Kg2 Qb5 28. Bc1 Nd7 29. a4 Qb6 30. a5 Qa7 31. Be3 Qb8 32. b4 f6 33. Rh1 Kf7 34. Ba4 Qd8 35. Rh2 Bf8 36. Rxh7+ Rxh7 37. Bxg5 Be7 38. Be3 Kg7 39. Rh1 Rxh1 40. Kxh1 Nf8 41. Kg1 Nh7 42. Qh1 Ng5 43.
f4 Nf7 44. Kf2 g5 45. f5 Nh6 46. Qh5 Nf7 47. Qg6+ Kf8 48. Qh7 b6 49. Bc6 bxa5 50.
bxa5 Qb8 51. Qh1 Qb2+ 52. Kf3 Qxc3 53. Bd7 Kg7 54. Qh5 Nh8 55. Qe8 Bf8 56. Be6 Qd3 57.
Qd7+ Kh6 58. Kf2 Qc2+ 59. Ke1 Qc3+ 60. Ke2 Qc4+ 61. Kd2 Qb4+ 62. Kd3 Qb3+ 63. Ke2 Qc4+ 64. Kf3 Qf1+ 65. Bf2 Qd3+ 66. Kg2 Qxe4+ 67. Kg1 Qxg4 68. Qe8 Qd1+ 69. Kg2 Bg7 70. Qd7 e4 71. Qxc7 Qf3+ 72. Kg1 e3 73. Be1 e2 74. Bf2 Qd3 75. Kg2 Qe4+ 76.
Kh3 Qh1+ 77. Kg4 Qh5# 0-1

[Event "Late-Titled-Tuesday-Blitz-September-12-2023"]
[Site "Chess.com"]
[Date "2023.09.12"]
[Round "3"]
[White "chessisveryfun1264"]
[Black "Vladimir_Zakhartsov"]
[Result "0-1"]
[WhiteElo "2539"]
[BlackElo "2880"]
[TimeControl "180+1"]
[EndTime "14:29:11 PDT"]
[Termination "Vladimir_Zakhartsov won by resignation"]

1. e4 c5 2. Nf3 d6 3. d4 cxd4 4.
Qxd4 Bd7 5. c4 Nc6 6. Qe3 Nf6 7. Nc3 g6 8. Be2 Bg7 9. O-O O-O 10. Rb1 Rc8 11.
b3 a6 12. Bb2 e6 13. Rfd1 Qc7 14. Rbc1 Rfd8 15. Qd2 Be8 16. Bd3 Qb8 17. Ne2 Ne5 18. Nxe5 dxe5 19. Qe3 h5 20. Ba3 Ng4 21. Qf3 Qa7 22.
h3 Nh6 23. c5 Bf8 24. Qe3 Bc6 25. Qg5 Qb8 26. Ng3 Bg7 27. Be2 Kh7 28. Rd6 f6 29. Qe3 Nf7 30. Rxe6 Bh6 31. Qf3 Bf4 32. Nxh5 gxh5 33. Qxh5+ Kg7 34. Re7 Rf8 35. Qg4+ Kh8 36. Qg6 Rc7 37. Qxf6+ Kg8 38. Qg6+ Kh8 39. Qh5+ Kg8 40.
Re6 Bxe4 41. Bc4 Rc6 42. Qg4+ Kh8 43. Qh5+ Nh6 44. Rd1 Rxe6 45. Bxe6 Qe8 46. Qh4 Qxe6 47. Rd6 Qf5 48. c6 bxc6 49. Rxh6+ Bxh6 50. Qxh6+ Kg8 51. Bxf8 Qxf8 52. Qg5+ Qg7 53. Qd8+ Kf7 54. Qd7+ Kf6 55. Qd6+ Kf5 56. g4+ Kg5 57. Qd8+ Kg6 58. Qd6+ Kh7 59.
Qe6 Bd5 60. Qd6 Qf7 61. Qxe5 Qf3 62. Qe7+ Kg6 63. Qe8+ Kf6 64. Qf8+ Ke5 65. Qxf3 Bxf3 66. Kh2 Kf4 67. b4 Bd5 68. a3 Bf3 69. Kg1 Be4 70. Kh2 Kf3 71. Kg1 Bd3 72. g5 Kf4 73. h4 Kg4 74. f3+ Kxf3 75. h5 Kg4 76. g6 Kxh5 77.
g7 Bc4 78. Kf2 Kg6 79. Ke3 Kxg7 80. Kd4 Bb5 81. Kc5 Kf6 82. Kb6 Ke5 83. Ka5 Kd5 84.
a4 Kc4 85. axb5 axb5 86. Ka6 Kxb4 87. Kb6 Kc4 88. Kxc6 b4 0-1

[Event "Late-Titled-Tuesday-Blitz-September-12-2023"]
[Site "Chess.com"]
[Date "2023.09.12"]
[Round "3"]
[White "WaybackBoy"]
[Black "vi_pranav"]
[Result "1-0"]
[WhiteElo "2718"]
[BlackElo "2985"]
[TimeControl "180+1"]
[EndTime "14:29:17 PDT"]
[Termination "WaybackBoy won by resignation"]

1. d4 Nf6 2. c4 e6 3. Nf3 Bb4+ 4. Bd2 a5 5. e3 O-O 6. Bd3 b6 7. O-O Bb7 8. a3 Bxd2 9. Nbxd2 d6 10. b4 Nbd7 11. e4 e5 12. Qc2 Qe7 13. Rfe1 Nh5 14. g3 g6 15. Rab1 axb4 16. axb4 Ra7 17. c5 bxc5 18.
bxc5 dxc5 19. dxe5 Nxe5 20. Nxe5 Qxe5 21. Nb3 Nf6 22.
Qxc5 Qxc5 23. Nxc5 Bc6 24. e5 Nd5 25. e6 fxe6 26. Nxe6 Re8 27. Bc4 Kh8 28. Nd4 Rxe1+ 29. Rxe1 Ra4 30. Rc1 Nb6 31. Bb3 Rxd4 32. Rxc6 Rd7 33. h4 Kg7 34. Kg2 Re7 35. g4 Nc8 36. g5 Nd6 37. Ra6 h6 38. Bc2 hxg5 39. hxg5 Re5 40.
Rc6 Rxg5+ 41. Kf3 Ne8 42. Kf4 Rg2 43. Kf3 Rg1 44. Be4 Rg5 45. Kf4 Rg1 46. Kf3 Kf7 47.
Kf4 g5+ 48. Ke5 Re1 49. f3 Ke7 50. Rg6 c5 51. Rxg5 c4 52. Kd4 Rd1+ 53. Kxc4 Nd6+ 54. Kc3 Rc1+ 55. Kd3 Ra1 56. Re5+ Kf6 57. Rd5 Ke6 58.
Rh5 Ra3+ 59. Kd4 Ra4+ 60. Ke3 Kf6 61. Kf4 Nf7 62. Rf5+ Ke7 63. Rb5 Nd6 64. Rb6 Ra5 65. Rc6 Ra4 66. Rc7+ Ke6 67. Rc1 Nxe4 68. fxe4 Ra6 69.
Rh1 Ra3 70. Rh6+ Ke7 71. Kf5 Ra5+ 72. e5 Ra1 73. Rh7+ Ke8 74. Kf6 Rf1+ 75. Ke6 Kf8 76.
Rh8+ Kg7 77. Rh2 Ra1 78. Rg2+ Kf8 79. Rd2 Ra6+ 80. Rd6 Ra8 81. Kf6 Ke8 82. Rb6 Rd8 83. e6 Rc8 84. Ra6 Rb8 85. Ra2 Rc8 86. Rh2 Kd8 87.
Rh8+ Kc7 88. Rxc8+ 1-0

[Event "Late-Titled-Tuesday-Blitz-September-12-2023"]
[Site "Chess.com"]
[Date "2023.09.12"]
[Round "4"]
[White "Atanejhad"]
[Black "aNaartjieZA"]
[Result "1-0"]
[WhiteElo "2483"]
[BlackElo "2565"]
[TimeControl "180+1"]
[EndTime "14:31:26 PDT"]
[Termination "Atanejhad won by resignation"]

1. d4 Nf6 2. c4 c5 3. d5 e5 4. Nc3 d6 5. e4 Nbd7 6. Nf3 Be7 7. Be2 Nf8 8. O-O Ng6 9. Ne1 h5 10.
Nd3 h4 11. b4 b6 12. a4 Nh7 13. a5 cxb4 14. Nxb4 Bd7 15. Nc6 Qc7 16. axb6 Qxb6 17.
Be3 Qc7 18. Nb5 1-0

[Event "Late-Titled-Tuesday-Blitz-September-12-2023"]
[Site "Chess.com"]
[Date "2023.09.12"]
[Round "4"]
[White "AlejandroBalde"]
[Black "noblerone"]
[Result "0-1"]
[WhiteElo "1993"]
[BlackElo "2513"]
[TimeControl "180+1"]
[EndTime "14:31:28 PDT"]
[Termination "noblerone won by resignation"]

1. e4 d5 2. exd5 Qxd5 3. Nc3 Qd8 4. Nf3 Nf6 5. d4 Bg4 6. Be2 e6 7. O-O c6 8. h3 Bxf3 9. Bxf3 Nbd7 10. Bg5 Qa5 11.
Bf4 Be7 12. Ne4 Nxe4 13. Bxe4 Nf6 14. Bf3 O-O 15. c3 Rfd8 16. Qc2 Bd6 17. Bg5 Qxg5 0-1

[Event "Late-Titled-Tuesday-Blitz-September-12-2023"]
[Site "Chess.com"]
[Date "2023.09.12"]
[Round "4"]
[White "Noki102"]
[Black "cukin84"]
[Result "1-0"]
[WhiteElo "2432"]
[BlackElo "2222"]
[TimeControl "180+1"]
[EndTime "14:31:46 PDT"]
[Termination "Noki102 won by checkmate"]

1. d4 f5 2. Nf3 Nf6 3. g3 g6 4.
h4 Bg7 5. h5 Nxh5 6. Rxh5 gxh5 7. e4 d6 8. Ng5 O-O 9. Qxh5 h6 10. Bc4+ e6 11. Nxe6 Qe8 12. Nxg7+ Kxg7 13. Qxh6# 1-0

[Event "Late-Titled-Tuesday-Blitz-September-12-2023"]
[Site "Chess.com"]
[Date "2023.09.12"]
[Round "4"]
[White "Maxfan2008"]
[Black "Giantgoogachess"]
[Result "0-1"]
[WhiteElo "2553"]
[BlackElo "2384"]
[TimeControl "180+1"]
[EndTime "14:32:03 PDT"]
[Termination "Giantgoogachess won by checkmate"]

1. d4 Nf6 2. c4 e6 3. Nc3 Bb4 4. Nf3 b6 5. e3 Bb7 6. Bd3 d6 7.
O-O Bxc3 8. bxc3 Ne4 9. Qc2 f5 10. d5 e5 11. Bxe4 fxe4 12. Qxe4 O-O 13. Qg4 Bc8 14. Qg3 Nd7 15. e4 Qf6 16. Ng5 Nc5 17. f4 h6 18. fxe5 Qxf1# 0-1

[Event "Late-Titled-Tuesday-Blitz-September-12-2023"]
[Site "Chess.com"]
[Date "2023.09.12"]
[Round "4"]
[White "Rud_Makarian"]
[Black "YEIKO2017"]
[Result "1-0"]
[WhiteElo "2949"]
[BlackElo "2548"]
[TimeControl "180+1"]
[EndTime "14:32:55 PDT"]
[Termination "Rud_Makarian won by resignation"]

1. d4 Nf6 2. c4 e5 3. dxe5 Ng4 4. e4 Nxe5 5. f4 Nec6 6. Nc3 Bc5 7. Nf3 d6 8. Na4 Bb4+ 9. Kf2 Nd7 10. a3 Bc5+ 11. Nxc5 Nxc5 12. Bd3 O-O 13. b4 Nxd3+ 14. Qxd3 f5 15. Bb2 fxe4 16. Qxe4 Bf5 17. Qd5+ Kh8 18. Rae1 Qd7 19. h3 Rae8 20. Rxe8 Rxe8 21. Re1 Rxe1 22.
Nxe1 Qe6 23. g4 Qe4 24. Qxf5 1-0

[Event "Late-Titled-Tuesday-Blitz-September-12-2023"]
[Site "Chess.com"]
[Date "2023.09.12"]
[Round "4"]
[White "GMForgacs"]
[Black "drdaro"]
[Result "0-1"]
[WhiteElo "2443"]
[BlackElo "2276"]
[TimeControl "180+1"]
[EndTime "14:33:09 PDT"]
[Termination "drdaro won by resignation"]

1. e4 c5 2. Nf3 e6 3. d4 cxd4 4. Nxd4 Nc6 5. Nc3 Nf6 6. Nxc6 bxc6 7. e5 Nd5 8. Ne4 Bb7 9. c4 Nb4 10. a3 Qa5 11. Bd2 Qxe5 12. axb4 Qxe4+ 13. Qe2 Qxe2+ 14. Bxe2 c5 15. bxc5 Bxc5 16. b4 Bd4 17. Ra5 Bxg2 18. Rg1 Be4 19. f3 Bxg1 0-1

[Event "Late-Titled-Tuesday-Blitz-September-12-2023"]
[Site "Chess.com"]
[Date "2023.09.12"]
[Round "4"]
[White "egnfanclub"]
[Black "Vyacheslav_N"]
[Result "1/2-1/2"]
[WhiteElo "2316"]
[BlackElo "2457"]
[TimeControl "180+1"]
[EndTime "14:33:15 PDT"]
[Termination "Game drawn by repetition"]

1. e4 c5 2. Nc3 Nc6 3. f4 e6 4.
Nf3 d5 5. Bb5 Ne7 6. exd5 exd5 7. Qe2 a6 8. Bxc6+ bxc6 9. O-O h6 10. b3 Be6 11. Ne5 Qc7 12. d3 g6 13. Nxg6 Nxg6 14.
f5 Qe5 15. fxe6 Qxe2 16. exf7+ Kd7 17. Nxe2 Be7 18. Bb2 Rh7 19. Ng3 Rf8 20. Rae1 Rhxf7 21. Rxf7 Rxf7 22. Bc1 Bg5 23. Ba3 Be7 24. Bc1 Bg5 25. Ba3 Be7 26. Bc1 1/2-1/2